 Dungeon Crawl Stone Soup version 0.28-a0-664-gc179e30c89 (webtiles) character file.

Game seed: 7357468152058827734

226 jasper the Ruffian (level 5, 0/41 HPs)
             Began as a Demonspawn Cinder Acolyte on Oct 16, 2021.
             Was a Priest of Ignis.
             Slain by an orc (11 damage)
             ... on level 4 of the Dungeon.
             The game lasted 00:06:58 (4496 turns).

jasper the Ruffian (Demonspawn Cinder Acolyte)      Turns: 4496, Time: 00:06:59

Health: 0/41       AC:  5    Str: 15    XL:     5   Next: 69%
Magic:  6/6        EV: 10    Int: 15    God:    Ignis [***...]
Gold:   140        SH:  0    Dex: 13    Spells: 6/6 levels left

rFire   + . .      SeeInvis .   i - +11 mace of Ethrarica {spect, Dex+4}
rCold   . . .      Faith    .   (no shield)
rNeg    . . .      Spirit   .   m - +0 ring mail
rPois   .          Reflect  .   (helmet restricted)
rElec   .          Harm     .   (no cloak)
rCorr   .          Rampage  .   (no gloves)
Will    .....                   (no boots)
Stlth   +.........              (no amulet)
HPRegen 0.13/turn               (no ring)
MPRegen 0.20/turn               (no ring)

@: no status effects
A: antennae 1, hooves 1, magic regeneration
a: Renounce Religion, Sea of Fire, Foxfire Swarm, Rising Flame


You were on level 4 of the Dungeon.
You worshipped Ignis.
Ignis was most pleased with you.
You visited 1 branch of the dungeon, and saw 4 of its levels.

You collected 140 gold pieces.

Inventory:

Hand Weapons
 a - a +0 hand axe of flaming
 d - a +1 vampiric whip
 i - the +11 mace of Ethrarica (weapon) {spect, Dex+4}
   (You found it on level 4 of the Dungeon)

   When its wielder attacks, the weapon's spirit leaps out and strikes again.
   The spirit shares a part of any damage it takes with its wielder.
   Dex:       It affects your dexterity (+4).
Missiles
 c - 46 stones
 h - 43 poisoned darts
 l - 4 boomerangs (quivered)
 n - 2 javelins
Armour
 b - a +0 robe
 e - a +1 tower shield
 g - a +0 leather armour
 m - a +0 ring mail (worn)
Potions
 f - a potion of magic
 j - 3 potions of curing
 k - 2 potions of attraction


   Skills:
 + Level 3.1 Fighting
 - Level 3.2 Axes
 + Level 0.3 Armour
 + Level 0.6 Shields
 * Level 4.4 Unarmed Combat
 - Level 1.0 Spellcasting
 - Level 2.6 Fire Magic


You had 6 spell levels left.
You didn't know any spells.
Your spell library contained the following spells:

 Spells                   Type           Power      Damage    Failure   Level
 Scorch                   Fire           16%        2d5       24%         2
 Magic Dart               Conj           0%         1d3       43%         1


Dungeon Overview and Level Annotations

Branches:
Dungeon (4/15)
 Temple: D:4-7

Altars:
Fedhas
Yredelemnul


Innate Abilities, Weirdness & Mutations

You have a pair of small antennae on your head.
You have large cloven feet.
You regenerate magic rapidly.


Message History

You take 3 damage, and have 38/41 hp.
You closely miss the hobgoblin.
Your +11 mace of Ethrarica {spect, Dex+4} hits the hobgoblin!
You kill the hobgoblin!
The adder bites you.
The orc hits your +11 mace of Ethrarica {spect, Dex+4} with a +0 morningstar!
Your spectral weapon shares its damage with you!
The orc barely misses you.
The orc misses your +11 mace of Ethrarica {spect, Dex+4}.
The adder bites you.
You take 8 damage, and have 30/41 hp.
You sock the orc!
You kill the orc!
The adder bites you.
You take 2 damage, and have 28/41 hp.
You thump the adder! You kick the adder.
You kill the adder!
You thump the orc!
You kill the orc!
The orc closely misses you. The orc hits you with a +0 morningstar.
The orc hits you with a +0 flail.
You take 5 damage, and have 23/41 hp.
You hit the orc.
The orc is almost dead.
The orc hits you but does no damage. The orc completely misses you.
The orc hits you with a +0 flail.
You take 4 damage, and have 19/41 hp.
You sock the orc!
You kill the orc!
The orc hits you with a +0 morningstar. The orc barely misses you.
You take 2 damage, and have 17/41 hp.
The orc closely misses you.
Items here: )) [ ††.
You completely miss the orc.
Your +11 mace of Ethrarica {spect, Dex+4} hits the orc!
You kill the orc!
The orc hits you with a +0 morningstar.
* * * LOW HITPOINT WARNING * * *
The orc hits you with a +0 morningstar!
You die...

#...#.#
#.#.##.###
#...#.#
#.#.##.# #
#...#.#
#.#.##.###
#...#.#
#...##...#
#...#.#
###...##.#
#...#.#
#.#..#.#
#####.#
#.##....
###o###
#..#....
#.@)..#
##.#....
#..(..#
.#....
#.....#
.....^
#.....#
.......
#.......
........
#.....###
........
#.....#
......
#.....#
......
###...


You could see an orc and a friendly +11 mace of Ethrarica {spect, Dex+4}
(summoned).

Vanquished Creatures
  Natasha (thrice) (D:2)
  4 adders
  An adder zombie (D:3)
  A worm (D:2)
  2 dart slugs
  12 orcs
  5 endoplasms
  3 giant cockroaches
  8 goblins
  12 hobgoblins
  6 jackals
  2 quokkas (D:2)
  10 ball pythons
  A ball python zombie (D:3)
  7 bats
  A frilled lizard (D:2)
  6 kobolds
  A quokka zombie (D:3)
  5 rats
90 creatures vanquished.

Vanquished Creatures (others)
  93 foxfires
  A fungus (D:3)
94 creatures vanquished.

Grand Total: 184 creatures vanquished

Notes
Turn   | Place    | Note
-------+----------+-------------------------------------------
     0 | D:1      | jasper the Demonspawn Cinder Acolyte began the quest for
                  | the Orb.
     0 | D:1      | Reached XP level 1. HP: 18/18 MP: 2/2
   200 | D:1      | Discovered your monstrous ancestry.
   200 | D:1      | Gained mutation: You have a pair of small antennae on your
                  | head. [demonic ancestry]
   200 | D:1      | Reached XP level 2. HP: 18/24 MP: 3/3
   431 | D:1      | Reached skill level 1 in Unarmed Combat
  1247 | D:1      | Reached XP level 3. HP: 29/29 MP: 4/4
  1596 | D:2      | Noticed Natasha
  1605 | D:2      | Killed Natasha
  1606 | D:2      | Reached skill level 2 in Unarmed Combat
  1972 | D:2      | Gained mutation: You have large cloven feet. [demonic
                  | ancestry]
  1972 | D:2      | Reached XP level 4. HP: 34/35 MP: 5/5
  2060 | D:2      | Noticed Natasha
  2066 | D:2      | Killed Natasha
  2067 | D:2      | Reached skill level 3 in Unarmed Combat
  2072 | D:2      | Noticed Natasha
  2074 | D:2      | Killed Natasha
  3177 | D:3      | Gained mutation: You regenerate magic rapidly. [demonic
                  | ancestry]
  3177 | D:3      | Reached XP level 5. HP: 41/41 MP: 6/6
  3236 | D:3      | Reached skill level 4 in Unarmed Combat
  3879 | D:3      | Found a basalt altar of Yredelemnul.
  3925 | D:3      | Found a faded altar of an unknown god.
  3933 | D:3      | Got Plato's Handbook of Attacks
  4063 | D:4      | Identified the +11 mace of Ethrarica {spect, Dex+4}
  4145 | D:4      | Found a blossoming altar of Fedhas.
  4496 | D:4      | Slain by an orc

Illustrated notes

Levels and vault maps discovered:
D:1:      saegor_arrival_under_anarchy, layout_loops_ring,
          serial_park_tiny_pond, minmay_misc_feat_tower, minmay_vboxes
D:2:      layout_basic, uniq_natasha
D:3:      layout_rooms, nicolae_yredelemnul_corpse_copse,
          shapermc_ecumenical_altar_rom_forum, grunt_decor_fettered,
          hangedman_decor_push, chequers_decorated_corner
D:4:      layout_rooms, mainiacjoe_overflow_tiny_flanked

Skill      XL: |  1  2  3  4  5 |
---------------+----------------+-----
Axes           | 3 |  3.2
Unarmed Combat | 1 2 3 4 |  4.4
Fighting       | |  3.1
Armour         | |  0.3
Shields        | |  0.6
Spellcasting   | |  1.0
Fire Magic     | |  2.6

Action                   |  1- 3 |  4- 6 || total
-------------------------+-------+-------++-------
Melee: Hand axe          |   100 |    45 ||   145
       Kick              |       |    32 ||    32
       Punch             |       |     3 ||     3
       Unarmed           |       |    68 ||    68
       Mace              |       |    24 ||    24
Throw: Stone             |    41 |    25 ||    66
       Dart              |     1 |    31 ||    32
       Boomerang         |       |     3 ||     3
Invok: Foxfire Swarm     |     4 |     3 ||     7
  Use: Scroll            |     1 |     7 ||     8
Armor: Robe              |    37 |    13 ||    50
       Ring mail         |       |    11 ||    11
       Leather armour    |       |     5 ||     5
Dodge: Dodged            |    61 |    71 ||   132

Table legend: (Time is in decaauts)
 A = Elapsed time spent in this place.
 B = Non-inter-level travel time spent in this place.
 C = Inter-level travel time spent in this place.
 D = Time resting spent in this place.
 E = Time spent auto-exploring this place.
 F = Levels seen in this place.
 G = Mean time per level.
                   A        B        C        D        E       F      G
               +--------+--------+--------+--------+--------+-----+--------+
         Total |   4549 |   4474 |     75 |    476 |   3171 |   4 | 1137.2 |
       Dungeon |   4549 |   4474 |     75 |    476 |   3171 |   4 | 1137.2 |
               +--------+--------+--------+--------+--------+-----+--------+

Top non-repeatable levels by time:
     D:2: 1665 daAuts
     D:1: 1546 daAuts
     D:3: 831 daAuts
     D:4: 505 daAuts
